 Dungeon Crawl Stone Soup version 0.26-a0-708-g17f3b190f9 (webtiles) character file.

Game seed: 12045551328883863155

226 jasper the Insei (level 5, -6/41 HPs)
             Began as a Demonspawn Transmuter on Oct 29, 2020.
             Killed by divine providence
             ... invoked by an orc priest
              (10 damage)
             ... on level 3 of the Dungeon.
             The game lasted 00:03:46 (3489 turns).

jasper the Insei (Demonspawn Transmuter)            Turns: 3489, Time: 00:03:47

Health: -6/41      AC:  4    Str: 10    XL:     5   Next: 69%
Magic:  8/8        EV: 11    Int: 16    God:
Gold:   85         SH:  0    Dex: 13    Spells: 7/8 levels left

rFire    . . .     SeeInvis .     - Unarmed
rCold    . . .     Faith    .   (no shield)
rNeg     . . .     Spirit   .   c - +0 leather armour
rPois    .         Reflect  .   (no helmet)
rElec    .         Harm     .   d - +0 cloak
rCorr    .         Rampage  .   (no gloves)
MR       .....                  (no boots)
Stlth    +.........             (no amulet)
HPRegen  0.13/turn              (no ring)
MPRegen  0.11/turn              (no ring)

@: no status effects
A: spiny 1
a: no special abilities


You were on level 3 of the Dungeon.
You visited 1 branch of the dungeon, and saw 3 of its levels.

You collected 85 gold pieces.

Inventory:

Missiles
 b - 20 stones
 e - 12 poisoned darts (quivered)
 o - 3 curare-tipped darts
Armour
 a - a +0 robe
 c - a +0 leather armour (worn)
 d - a +0 cloak (worn)
Scrolls
 f - a scroll of noise
 g - 2 scrolls of fog
 h - 2 scrolls of remove curse {unknown}
 k - 3 scrolls of magic mapping {unknown}
Potions
 i - 2 potions of resistance
 j - a potion of magic
 l - 2 potions of degeneration
 m - 2 potions of might {unknown}
 n - 2 potions of ambrosia {unknown}
 p - a potion of cancellation {unknown}
 q - 2 potions of berserk rage {unknown}


   Skills:
 + Level 3.2 Fighting
 - Level 1.7 Dodging
 * Level 5.1 Unarmed Combat
 - Level 2.0 Spellcasting
 - Level 1.7 Transmutations


You had 7 spell levels left.
You knew the following spells:

 Your Spells              Type           Power        Failure   Level
a - Beastly Appendage     Tmut           #.....       14%         1

Your spell library contained the following spells:

 Spells                   Type           Power        Failure   Level
 Wereblood                Tmut           #.......     21%         2
 Animate Skeleton         Necr           #.....       28%         1
 Apportation              Tloc           #.....       28%         1
 Corona                   Hex            #......      28%         1
 Summon Small Mammal      Summ           #...         28%         1
 Spider Form              Tmut/Pois      #.........   52%         3
 Ice Form                 Ice/Tmut       #.......     89%         4
 Blade Hands              Tmut           #.........   98%         5


Dungeon Overview and Level Annotations

Branches:
Dungeon (3/15)

Altars:
Gozag
Qazlal
Uskayaw

Annotations:
D:3 1 runed translucent door, vt's ghost, weakling HuDe


Innate Abilities, Weirdness & Mutations

You are partially covered in sharp spines.


Message History

You punch the orc priest, but do no damage.
The orc priest is heavily wounded.
The orc priest mumbles some strange prayers to Beogh against you.
Pain shoots through your body!
* * * LOW HITPOINT WARNING * * *
You take 12 damage, and have 5/41 hp.
MASSIVE DAMAGE!!
You hit the orc priest but do no damage.
The orc priest is heavily wounded.
The orc priest is struck by your spines.
The orc priest hits you with a +0 dagger.
* * * LOW HITPOINT WARNING * * *
You take 1 damage, and have 4/41 hp.
You hit the orc priest.
The orc priest is almost dead.
The orc priest hits you but does no damage.
You hit the orc priest but do no damage.
The orc priest is almost dead.
The orc priest mumbles some strange prayers to Beogh against you.
Beogh smites you!
You die...

.... ##### #.....+
.... #.....# ....
#..... ....
#########...## ....
#..........### ....
#####..........+SW
....
#..............###
#### #.........))....#
#.......$)@o...#
#######..............+
....#................#
###.#.#.#####.....#/.#
# #...#.# #####.#....
# #####.# .# #### #
#.# .# # #.# .. # #.#


You could see an orc priest, vt's ghost and an adder.

Vanquished Creatures
  A bullfrog skeleton (D:3)
  2 orc wizards
  5 adders
  2 oozes (D:1)
  2 dart slugs
  A worm (D:2)
  2 leopard geckos
  12 orcs
  12 bats
  3 giant cockroaches
  7 goblins
  4 hobgoblins
  3 jackals (D:2)
  6 kobolds
  A ball python (D:2)
  5 frilled lizards
  7 rats
75 creatures vanquished.

Notes
Turn   | Place    | Note
-------+----------+-------------------------------------------
     0 | D:1      | jasper the Demonspawn Transmuter began the quest for the
                  | Orb.
     0 | D:1      | Reached XP level 1. HP: 15/15 MP: 3/3
   669 | D:1      | Reached skill level 3 in Unarmed Combat
   736 | D:1      | Gained mutation: You are partially covered in sharp spines.
                  | [demonic ancestry]
   736 | D:1      | Reached XP level 2. HP: 12/21 MP: 3/5
  1197 | D:1      | Reached XP level 3. HP: 24/27 MP: 6/6
  1904 | D:2      | Reached skill level 4 in Unarmed Combat
  2059 | D:2      | Reached XP level 4. HP: 33/33 MP: 7/7
  2070 | D:2      | Found a stormy altar of Qazlal.
  2073 | D:2      | Found an opulent altar of Gozag.
  2075 | D:2      | Found a hide-covered altar of Uskayaw.
  2161 | D:2      | HP: 1/34 [orc wizard/+2 dagger of holy wrath (2)]
  2797 | D:2      | Reached XP level 5. HP: 30/40 MP: 8/8
  3286 | D:3      | Reached skill level 5 in Unarmed Combat
  3469 | D:3      | Found a runed translucent door.
  3475 | D:3      | Noticed vt's ghost (weakling HuDe)
  3489 | D:3      | Killed from afar by an orc priest

Illustrated notes

Levels and vault maps discovered:
D:1:      erik_arrival_triangle_small, layout_basic,
          chequers_serial_rivers_micro_d
D:2:      layout_rooms, minitemple
D:3:      layout_basic, ebering_ghost_sewer_d, st_stairs_3, hex_intersection,
          uniq_crazy_yiuf_cottage, uniq_ijyb, uniq_natasha

Skill      XL: |  1  2  3  4  5 |
---------------+----------------+-----
Unarmed Combat | 3 4 5 |  5.1
Fighting       | 2 3 |  3.2
Dodging        | |  1.7
Spellcasting   | |  2.0
Transmutations | |  1.7

Action                   |  1- 3 |  4- 6 || total
-------------------------+-------+-------++-------
Melee: Unarmed           |   100 |    81 ||   181
       Kick              |     5 |       ||     5
       Headbutt          |     1 |       ||     1
       Punch             |       |     4 ||     4
Throw: Dart              |    25 |    10 ||    35
 Cast: Beastly Appendage |     3 |       ||     3
  Use: Scroll            |       |     5 ||     5
 Stab: Sleeping          |     1 |       ||     1
       Distracted        |       |     1 ||     1
Armor: Leather armour    |    18 |    15 ||    33
       Robe              |     2 |       ||     2
Dodge: Dodged            |    51 |    46 ||    97

Table legend: (Time is in decaauts)
 A = Elapsed time spent in this place.
 B = Non-inter-level travel time spent in this place.
 C = Inter-level travel time spent in this place.
 D = Time resting spent in this place.
 E = Time spent auto-exploring this place.
 F = Levels seen in this place.
 G = Mean time per level.
                   A        B        C        D        E       F      G
               +--------+--------+--------+--------+--------+-----+--------+
         Total |   3487 |   3440 |     47 |   1248 |   1693 |   3 | 1162.3 |
       Dungeon |   3487 |   3440 |     47 |   1248 |   1693 |   3 | 1162.3 |
               +--------+--------+--------+--------+--------+-----+--------+

Top non-repeatable levels by time:
     D:2: 1368 daAuts
     D:1: 1286 daAuts
     D:3: 832 daAuts
